 Dungeon Sprint DCSS version 0.17-a0-1748-g222fba8 (console) character file.

540608 hexophile the Conqueror (level 22, -10/254 HPs)
             Began as a Naga Monk on Sept 1, 2015.
             Was a Priest of Cheibriados.
             Killed from afar by Lom Lobon (28 damage)
             ... with a great icy blast
             ... in the Dungeon (Sprint IX: "|||||||||||||||||||||||||||||").
             The game lasted 00:37:07 (13649 turns).

hexophile the Conqueror (Naga Monk)                Turns: 13649, Time: 00:37:07

Health: -10/254    AC: 43    Str: 34    XL:     22   Next: 85%
Magic:  29/53      EV: 27    Int: 17    God:    Cheibriados [***...]
Gold:   890        SH: 26    Dex: 25    Spells: 0 memorised, 75 levels left

rFire  + + +     SeeInvis +     b - +8 demon trident (elec)
rCold  + + +     Clarity  .     k - +4 gold dragon armour
rNeg   + + .     SustAt   .     B - +5 shield of Toelinne {rF++}
rPois  +         Gourm    .     d - +1 hat
rElec  .         Spirit   .     D - +1 cloak
rCorr  +         Warding  .     t - +1 pair of gloves {Str+3}
rMut   .         NoTele   +     (no barding)
MR     +++..                    J - amulet of Nuikokox {rCorr rF++ MR+ Int-2 Stlth+}
Stlth  ..........               H - ring of Raaxtubi {rC+ rN+ Str+3 Slay+2}
                                I - ring "Saetwib" {rC+ rN+ Dex+3 Slay+2}

@: very slightly contaminated, very slow, extremely resistant to hostile
enchantments, extremely unstealthy
A: horns 1, iridescent scales 1, see invisible, deformed body, poison
resistance, screaming 1, slowness 2, slow metabolism 1, spit poison 2, subdued
magic 1, constrict 1, AC +7
a: Spit Poison, Bend Time, Temporal Distortion, Renounce Religion
}: 9/15 runes: decaying, serpentine, barnacled, slimy, elven, silver, golden,
abyssal, gossamer


You were in the Dungeon.
You worshipped Cheibriados.
Cheibriados was most pleased with you.
You were not hungry.

You visited 1 branch You collected 1910 gold pieces.
You spent 1020 gold pieces at shops.

Inventory:

Hand weapons
 b - a +8 demon trident of electrocution (weapon)
 A - a +9 demon whip of electrocution
Missiles
 n - 68 stones (quivered)
Armour
 d - a +1 hat (worn)
 k - a +4 gold dragon armour (worn)
 l - the +0 cloak "Liudu" {rElec Str+2 Dex+2 Slay-4}
   (You found it in the Dungeon)

   It affects your strength (+2).
   It affects your dexterity (+2).
   It affects your accuracy and damage with ranged weapons and melee attacks
   (-4).
   It insulates you from electricity.
 t - a +1 pair of gloves of strength (worn)
 B - the +5 shield of Toelinne (worn) {rF++}
   (You found it in the Dungeon)

   It greatly protects you from fire.
 D - a +1 cloak (worn)
Jewellery
 v - an uncursed amulet of regeneration
 w - an uncursed ring of protection from fire
 x - an uncursed amulet of resist corrosion
 z - an uncursed ring of protection from cold
 H - the ring of Raaxtubi (right hand) {rC+ rN+ Str+3 Slay+2}
   (You found it in the Dungeon)

   [ring of protection from cold]

   It affects your strength (+3).
   It affects your accuracy and damage with ranged weapons and melee attacks
   (+2).
   It protects you from cold.
   It protects you from negative energy.
 I - the ring "Saetwib" (left hand) {rC+ rN+ Dex+3 Slay+2}
   (You found it in the Dungeon)

   [ring of protection from cold]

   It affects your dexterity (+3).
   It affects your accuracy and damage with ranged weapons and melee attacks
   (+2).
   It protects you from cold.
   It protects you from negative energy.
 J - the amulet of Nuikokox (around neck) {rCorr rF++ MR+ Int-2 Stlth+}
   (You found it in the Dungeon)

   [amulet of resist corrosion]

   It protects you from acid and corrosion.
   It affects your intelligence (-2).
   It greatly protects you from fire.
   It affects your resistance to hostile enchantments.
   It makes you more stealthy.
Magical devices
 j - a wand of cold (4)
Scrolls
 g - 6 scrolls of remove curse
 i - 3 scrolls of amnesia
 m - a scroll of immolation
 o - 6 scrolls of identify
 u - 2 scrolls of recharging
 F - 4 scrolls of fear
Potions
 a - 3 potions of agility
 e - 6 potions of brilliance
 f - 2 potions of magic
Books
 p - a book of Alchemy

   Spells                             Type                      Level
   a - Sublimation of Blood           Necromancy                   2
   b - Ignite Poison                  Fire/Transmutation/Poison    3
   c - Alistair's Intoxication        Transmutation/Poison         4
   d - Condensation Shield            Ice                          4
   e - Petrify                        Transmutation/Earth          4
   f - Irradiate                      Conjuration/Transmutation    5
Miscellaneous
 y - the horn of Geryon
Comestibles
 q - 36 fruits
 r - 6 bread rations
 s - 13 meat rations


   Skills:
 O Level 27 Fighting
 O Level 27 Maces & Flails
 + Level 24.4 Polearms
 O Level 27 Armour
 O Level 27 Dodging
 - Level 3.0 Stealth
 O Level 27 Shields
 - Level 20.7 Unarmed Combat
 O Level 27 Spellcasting
 - Level 9.1 Invocations


You had 75 spell levels left.
You didn't know any spells.

Dungeon Overview and Level Annotations

Branches:
Dungeon (1/1)

Altars:
Cheibriados
Dithmenos
Elyvilon
Fedhas
Gozag
Kikubaaqudgha
Makhleb
Nemelex Xobeh
Okawaru
Qazlal
Ru
Sif Muna
Trog
Vehumet
Xom
Yredelemnul
Zin
The Shining One
Beogh
Jiyva
Lugonu

Shops:
D %[=*

Annotations:
D tab tab tab...., Antaeus, Lom Lobon, Mnoleg


Innate Abilities, Weirdness & Mutations

You cannot wear boots.
Your serpentine skin is tough (AC +7).
You have supernaturally acute eyesight.
Armour fits poorly on your strangely shaped body.
Your system is resistant to poisons.
You cover ground very slowly.
You have a slow metabolism.
You can spit poison.
You can use your snake-like lower body to constrict enemies.
You have a pair of small horns on your head.
You are partially covered in iridescent scales (AC +4).
You occasionally shout uncontrollably at your foes.
Your spells are a little easier to cast, but a little less powerful.


Message History

Unknown command.
You impale Ereshkigal!!
Ereshkigal is almost dead.
You constrict Ereshkigal! Ereshkigal gestures at you.
The bolt of cold misses you.
Unknown command.
You perforate Ereshkigal like a sieve!!!
As Ereshkigal dies, the sound returns.
You kill Ereshkigal!
Cheibriados thoroughly appreciates the change of pace.
You can now warp the flow of time around you.
Cheibriados raises the support of your attributes as your movement slows.
Your Polearms skill gained 2 levels and is now at level 24!
The lorocyproca disappears in a puff of smoke!
Lom Lobon blinks!
Lom Lobon gestures at you.
Lom Lobon conjures a mighty blast of ice!
The great icy blast engulfs you! You partially resist.
You die...

▓▓▓▓▓▓▓▓▓▓▓▓▓▓▓▓▓▓▓▓▓▓▓▓▓▓▓▓▓▓▓
▓........&§§§§@§§..............
▓.▓▓▓▓▓▓▓▓▓▓▓▓▓▓▓▓▓▓▓▓▓▓▓▓▓▓▓▓▓
▓..............................
▓▓▓▓▓▓▓▓▓▓▓▓▓▓▓▓▓▓▓▓▓▓▓▓▓▓▓▓▓▓▓
▓.....'............'..........'
▓.▓▓▓▓▓▓▓▓▓▓▓▓▓▓▓▓▓▓▓▓▓▓▓▓▓▓▓▓▓
▓..............................
▓▓▓▓▓▓▓▓▓▓▓▓▓▓▓▓♣♣♣♣♣♣♣♣♣♣♣♣▓▓▓
▓...)..)).......)))))...(.).(((


You could see Lom Lobon.

Vanquished Creatures
  the royal jelly (D)
  Ereshkigal (D)
  2 orbs of fire (D)
  Mara (D)
  Mennas (D)
  4 ancient liches (D)
  9 greater mummies (D)
  Boris (D)
  Margery (D)
  Norris (D)
  A curse toe (D)
  Geryon (D)
  2 Killer Klowns (D)
  Nikola (D)
  9 golden dragons (D)
  Jory (D)
  Xtahua (D)
  A bone dragon (D)
  4 electric golems (D)
  3 liches (D)
  29 Orb Guardians (D)
  3 tentacled monstrosities (D)
  3 deep elf blademasters (D)
  8 acid blobs (D)
  3 deep elf master archers (D)
  12 sphinxes (D)
  A tentacled starspawn (D)
  3 death cobs (D)
  A tengu reaver (D)
  5 shadow dragons (D)
  2 draconian monks (D)
  A storm dragon (D)
  6 azure jellies (D)
  Ilsuiw (D)
  4 greater nagas (D)
  2 frost giants (D)
  2 fire giants (D)
  6 emperor scorpions (D)
  Aizul (D)
  Louise (D)
  4 vault wardens (D)
  A draconian zealot (D)
  A draconian shifter (D)
  3 ghost moths (D)
  3 ironheart preservers (D)
  A very ugly thing (D)
  5 vampire knights (D)
  A deep elf demonologist (D)
  A draconian caller (D)
  3 black draconians (D)
  2 green draconians (D)
  4 stone giants (D)
  A red draconian (D)
  2 deep elf annihilators (D)
  2 purple draconians (D)
  4 mottled draconians (D)
  7 white draconians (D)
  2 ettins (D)
  3 yellow draconians (D)
  4 merfolk javelineers (D)
  25 vault guards (D)
  4 mummy priests (D)
  4 merfolk impalers (D)
  A yaktaur captain (D)
  3 fire dragons (D)
  3 deep elf death magi (D)
  7 death oozes (D)
  2 entropy weavers (D)
  5 hydras (D)
  5 ice dragons (D)
  A ghost crab (D)
  3 naga warriors (D)
  2 deep elf high priests (D)
  Erolcha (D)
  A rakshasa (D)
  3 centaur warriors (D)
  A spriggan air mage (D)
  2 merfolk avatars (D)
  4 ogre magi (D)
  A merfolk aquamancer (D)
  2 deep troll shamans (D)
  A spriggan berserker (D)
  3 small abominations (D)
  2 naga sharpshooters (D)
  6 orc high priests (D)
  A shock serpent (D)
  A wretched star (D)
  A fire crab (shapeshifter) (D)
  A sea snake (D)
  3 hell knights (D)
  3 lindwurms (D)
  A hill giant (D)
  6 swamp dragons (D)
  2 unseen horrors (D)
  2 large abominations (D)
  3 orc knights (D)
  A deep elf conjurer (D)
  5 ironbrand convokers (D)
  A necromancer (D)
  A griffon (D)
  8 wolf spiders (D)
  3 hornets (D)
  A manticore (D)
  A harpy (D)
  A cyclops (D)
  A black mamba (shapeshifter) (D)
  8 moths of wrath (D)
  3 ugly things (D)
  2 guardian serpents (D)
  2 vault sentinels (D)
  5 black mambas (D)
  A smoke demon (D)
  2 spiny frogs (D)
  4 naga magi (D)
  2 torpor snails (D)
  A komodo dragon (D)
  An efreet (D)
  15 guardian mummies (D)
  3 demonic crawlers (D)
  2 yaktaurs (D)
  2 freezing wraiths (D)
  A wandering mushroom (D)
  3 trolls (D)
  4 merfolk (D)
  A two-headed ogre (shapeshifter) (D)
  A boulder beetle (D)
  A slime creature (D)
  A giant leech (D)
  A jumping spider (D)
  A bog body (D)
  2 snapping turtles (D)
  A blink frog (D)
  11 spriggans (D)
  A ynoxinul (D)
  A wraith (D)
  A redback (D)
  A tarantella (D)
  A water elemental (D)
  2 deep elf magi (D)
  A yak (D)
  A spriggan (shapeshifter) (D)
  A vampire mosquito (D)
  2 golden eyes (D)
  2 mottled dragons (D)
  A hippogriff (D)
  A steam dragon (D)
  2 deep elf fighters (D)
  2 nagas (D)
  A wolf (D)
  8 orc warriors (D)
  A sky beast (D)
  2 porcupines (D)
  An eye of draining (D)
  2 swamp drakes (D)
  2 wasps (D)
  A centaur (D)
  A boggart (D)
  3 crocodiles (D)
  A giant frog (D)
  3 brain worms (D)
  A wight (D)
  A killer bee (D)
  A crimson imp (D)
  10 orc priests (D)
  3 orc wizards (D)
  2 worker ants (D)
  An adder (D)
  2 river rats (D)
  A shadow imp (D)
  An ufetubus (D)
  2 worms (D)
  10 orcs (D)
  A bat (D)
  A bat skeleton (D)
  A kobold (D)
  2 quokkas (D)
  A giant newt (D)
  2 rats (D)
  A lurking horror (D)
504 creatures vanquished.

Vanquished Creatures (others)
  Frederick (D)
  2 hydras (D)
  A naga mage (D)
  A tarantella (shapeshifter) (D)
  2 swamp drakes (D)
  An adder zombie (D)
  A bat skeleton (D)
  A jackal zombie (D)
10 creatures vanquished.

Grand Total: 514 creatures vanquished

Notes
Turn   | Place    | Note
--------------------------------------------------------------
     0 | D        | hexophile the Naga Monk began the quest for the Orb.
     0 | D        | Reached XP level 1. HP: 21/21 MP: 1/1
    14 | D        | Reached skill level 5 in Unarmed Combat
    59 | D        | Noticed a worker ant
    59 | D        | Noticed a worker ant
    68 | D        | HP: 2/21 [worker ant (8)]
    72 | D        | Killed a worker ant
    72 | D        | Reached skill level 7 in Unarmed Combat
    72 | D        | Reached XP level 2. HP: 12/28 MP: 2/2
    72 | D        | Reached XP level 3. HP: 14/34 MP: 3/3
    85 | D        | Killed a worker ant
    85 | D        | Reached skill level 8 in Unarmed Combat
    85 | D        | Reached XP level 4. HP: 8/42 MP: 4/4
   322 | D        | Found a glowing silver altar of Zin.
   322 | D        | Found a glowing golden altar of the Shining One.
   322 | D        | Found an ancient bone altar of Kikubaaqudgha.
   322 | D        | Found a basalt altar of Yredelemnul.
   322 | D        | Found a shimmering altar of Xom.
   322 | D        | Found a radiant altar of Vehumet.
   323 | D        | Found an iron altar of Okawaru.
   324 | D        | Found a burning altar of Makhleb.
   325 | D        | Found a deep blue altar of Sif Muna.
   326 | D        | Found a bloodstained altar of Trog.
   327 | D        | Found a sparkling altar of Nemelex Xobeh.
   328 | D        | Found a white marble altar of Elyvilon.
   329 | D        | Found a roughly hewn altar of Beogh.
   330 | D        | Found a viscous altar of Jiyva.
   331 | D        | Found a corrupted altar of Lugonu.
   332 | D        | Found a blossoming altar of Fedhas.
   333 | D        | Found a snail-covered altar of Cheibriados.
   334 | D        | Found a shadowy altar of Dithmenos.
   335 | D        | Found a stormy altar of Qazlal.
   336 | D        | Found an opulent altar of Gozag.
   337 | D        | Found a sacrificial altar of Ru.
   341 | D        | Became a worshipper of Cheibriados the Contemplative
   341 | D        | Acquired Cheibriados's first power
   400 | D        | Noticed a deep elf mage
   400 | D        | Noticed a wight
   400 | D        | Noticed a steam dragon
   400 | D        | Noticed a centaur
   403 | D        | Killed a deep elf mage
   403 | D        | Reached skill level 12 in Unarmed Combat
   403 | D        | Reached XP level 5. HP: 23/49 MP: 5/5
   404 | D        | Killed a steam dragon
   404 | D        | Acquired Cheibriados's second power
   404 | D        | Reached skill level 13 in Unarmed Combat
   404 | D        | Reached XP level 6. HP: 26/56 MP: 6/6
   417 | D        | Killed a wight
   424 | D        | Killed a centaur
   424 | D        | Acquired Cheibriados's third power
   424 | D        | Reached skill level 14 in Unarmed Combat
   424 | D        | Reached XP level 7. HP: 13/62 MP: 6/9
   657 | D        | Noticed a hill giant
   657 | D        | Noticed a troll
   657 | D        | Noticed a killer bee
   657 | D        | Noticed a wasp
   657 | D        | Noticed a cyclops
   661 | D        | Killed a killer bee
   662 | D        | Killed a hill giant
   662 | D        | Reached skill level 15 in Unarmed Combat
   662 | D        | Reached XP level 8. HP: 44/69 MP: 9/13
   662 | D        | Acquired Cheibriados's fourth power
   662 | D        | Killed a wasp
   663 | D        | Killed a troll
   663 | D        | Reached skill level 16 in Unarmed Combat
   668 | D        | HP: 6/69 [cyclops/large rock (9)]
   674 | D        | Killed a cyclops
   674 | D        | Reached XP level 9. HP: 29/75 MP: 1/15
   905 | D        | Noticed a porcupine
   905 | D        | Noticed a black mamba
   905 | D        | Noticed a crocodile
   905 | D        | Noticed a wolf
   905 | D        | Noticed a hippogriff
   907 | D        | Noticed a spiny frog
   908 | D        | Killed a porcupine
   908 | D        | Reached skill level 17 in Unarmed Combat
   913 | D        | Noticed a blink frog
   913 | D        | Killed a black mamba
   913 | D        | Reached skill level 5 in Fighting
   914 | D        | Killed a crocodile
   915 | D        | Killed a wolf
   917 | D        | Noticed a komodo dragon
   918 | D        | Killed a blink frog
   919 | D        | Killed a hippogriff
   920 | D        | Killed a spiny frog
   920 | D        | Reached skill level 18 in Unarmed Combat
   920 | D        | Killed a komodo dragon
  1162 | D        | Noticed a black mamba
  1162 | D        | Noticed a giant frog
  1162 | D        | Noticed a crocodile
  1162 | D        | Noticed a crocodile
  1162 | D        | Noticed a spiny frog
  1164 | D        | Killed a black mamba
  1164 | D        | Reached XP level 10. HP: 81/99 MP: 16/16
  1164 | D        | Killed a giant frog
  1164 | D        | Killed a crocodile
  1164 | D        | Killed a crocodile
  1165 | D        | Noticed a torpor snail
  1169 | D        | Killed a spiny frog
  1169 | D        | Reached skill level 10 in Fighting
  1172 | D        | Killed a torpor snail
  1349 | D        | Noticed a porcupine
  1350 | D        | Noticed a yak
  1353 | D        | Killed a porcupine
  1353 | D        | Reached skill level 19 in Unarmed Combat
  1358 | D        | Killed a yak
  1375 | D        | Noticed a brain worm
  1375 | D        | Noticed a lindwurm
  1375 | D        | Noticed a brain worm
  1375 | D        | Noticed a lindwurm
  1375 | D        | Noticed a lindwurm
  1378 | D        | Killed a brain worm
  1381 | D        | Killed a brain worm
  1383 | D        | Killed a lindwurm
  1385 | D        | Noticed a brain worm
  1386 | D        | Killed a lindwurm
  1387 | D        | Killed a brain worm
  1388 | D        | Killed a lindwurm
  1833 | D        | Noticed an orc priest
  1833 | D        | Noticed an orc wizard
  1833 | D        | Noticed an orc wizard
  1837 | D        | Killed an orc priest
  1838 | D        | Noticed an orc wizard
  1839 | D        | Killed an orc wizard
  1840 | D        | Killed an orc wizard
  1843 | D        | Noticed an orc priest
  1844 | D        | Killed an orc wizard
  1846 | D        | Noticed an orc knight
  1861 | D        | Killed an orc knight
  1861 | D        | Reached skill level 1 in Armour
  1861 | D        | Reached XP level 11. HP: 29/115 MP: 17/17
  1861 | D        | Killed an orc priest
  2134 | D        | Noticed an orc warrior
  2134 | D        | Noticed an orc warrior
  2134 | D        | Noticed an orc warrior
  2134 | D        | Noticed an orc warrior
  2136 | D        | Killed an orc warrior
  2136 | D        | Killed an orc warrior
  2136 | D        | Killed an orc warrior
  2137 | D        | Killed an orc warrior
  2138 | D        | Noticed an orc priest
  2139 | D        | Noticed an orc knight
  2141 | D        | Noticed an orc warrior
  2148 | D        | Killed an orc knight
  2148 | D        | Reached skill level 20 in Unarmed Combat
  2149 | D        | Noticed an orc warrior
  2150 | D        | Killed an orc warrior
  2151 | D        | Noticed an orc warrior
  2153 | D        | Killed an orc warrior
  2154 | D        | Noticed an orc warrior
  2156 | D        | Killed an orc warrior
  2161 | D        | Killed an orc warrior
  2162 | D        | Killed an orc priest
  2437 | D        | Found Asa Ukao's Food Emporium.
  2437 | D        | Noticed an orc high priest
  2437 | D        | Noticed an orc high priest
  2437 | D        | Noticed an orc priest
  2437 | D        | Noticed an orc high priest
  2437 | D        | Noticed an orc high priest
  2438 | D        | Noticed an orc high priest
  2439 | D        | Killed an orc priest
  2440 | D        | Killed an orc high priest
  2440 | D        | Reached skill level 5 in Dodging
  2440 | D        | Killed an orc high priest
  2440 | D        | Killed an orc high priest
  2440 | D        | Killed an orc high priest
  2440 | D        | Killed an orc high priest
  2441 | D        | Found Reew's Armour Shoppe.
  2441 | D        | Noticed an orc priest
  2442 | D        | Noticed an orc priest
  2446 | D        | Noticed an orc priest
  2450 | D        | Killed an orc priest
  2453 | D        | Killed an orc priest
  2500 | D        | Killed an orc priest
  2762 | D        | Found Duemp's Jewellery Emporium.
  2766 | D        | Found Rimaneokif's Assorted Antiques.
  2769 | D        | Noticed an orc priest
  2770 | D        | Noticed an orc priest
  2770 | D        | Noticed an orc priest
  2771 | D        | Killed an orc priest
  2773 | D        | Noticed an orc high priest
  2774 | D        | Killed an orc priest
  2776 | D        | Killed an orc priest
  2782 | D        | Killed an orc high priest
  2789 | D        | Bought a scroll of recharging for 228 gold pieces
  2791 | D        | Bought a cursed amulet of regeneration for 297 gold pieces
  2791 | D        | Bought an uncursed ring of protection from fire for 275 gold pieces
  2791 | D        | Bought an uncursed amulet of resist corrosion for 220 gold pieces
  2857 | D        | Noticed Erolcha
  2859 | D        | Killed Erolcha
  2925 | D        | Got the +5 shield of Toelinne {rF++}
  2996 | D        | Noticed an unseen horror
  2996 | D        | Noticed a crimson imp
  2996 | D        | Noticed a red ugly thing
  2996 | D        | Noticed a troll
  2996 | D        | Noticed an eight-headed hydra
  2996 | D        | Noticed an efreet
  2998 | D        | Noticed a centaur warrior
  3002 | D        | Killed an unseen horror
  3002 | D        | Reached skill level 1 in Shields
  3002 | D        | Reached XP level 12. HP: 124/128 MP: 18/18
  3002 | D        | Killed a crimson imp
  3003 | D        | Killed a red ugly thing
  3004 | D        | Noticed a wraith
  3006 | D        | Noticed a frost giant
  3006 | D        | Killed an eight-headed hydra
  3009 | D        | Killed a troll
  3009 | D        | Reached skill level 5 in Maces & Flails
  3011 | D        | Noticed a centaur warrior
  3011 | D        | Killed an efreet
  3012 | D        | Noticed an entropy weaver
  3012 | D        | Noticed an ice dragon
  3013 | D        | Killed a centaur warrior
  3013 | D        | Reached skill level 5 in Shields
  3014 | D        | Killed a wraith
  3014 | D        | Killed a centaur warrior
  3020 | D        | Killed a frost giant
  3020 | D        | Killed an entropy weaver
  3023 | D        | Killed an ice dragon
  3024 | D        | Noticed a deep troll shaman
  3025 | D        | Noticed an ogre mage
  3030 | D        | Killed a deep troll shaman
  3035 | D        | Killed an ogre mage
  3035 | D        | Reached skill level 10 in Maces & Flails
  3038 | D        | Noticed an entropy weaver
  3045 | D        | Killed an entropy weaver
  3368 | D        | Noticed a swamp drake
  3368 | D        | Noticed a giant leech
  3368 | D        | Noticed a hornet
  3368 | D        | Noticed a vampire mosquito
  3368 | D        | Noticed a swamp drake
  3368 | D        | Noticed an eight-headed hydra
  3369 | D        | Noticed a slime creature
  3371 | D        | Killed a swamp drake
  3371 | D        | Killed a vampire mosquito
  3371 | D        | Killed a swamp drake
  3372 | D        | Killed a giant leech
  3373 | D        | Noticed a six-headed hydra
  3374 | D        | Noticed a bog body
  3374 | D        | Killed a hornet
  3376 | D        | Killed an eight-headed hydra
  3376 | D        | Reached skill level 5 in Armour
  3379 | D        | Killed a slime creature
  3379 | D        | Gained mutation: You can use your snake-like lower body to constrict enemies. [Naga growth]
  3379 | D        | Reached XP level 13. HP: 132/135 MP: 14/19
  3387 | D        | Killed a six-headed hydra
  3389 | D        | Killed a bog body
  3397 | D        | Noticed a naga warrior
  3397 | D        | Noticed a naga mage
  3397 | D        | Noticed a naga
  3397 | D        | Noticed a naga sharpshooter
  3397 | D        | Noticed a shock serpent
  3397 | D        | Noticed a black mamba
  3407 | D        | Killed a naga warrior
  3408 | D        | Noticed a naga sharpshooter
  3411 | D        | Killed a naga mage
  3412 | D        | Noticed a black mamba
  3415 | D        | Noticed a black mamba
  3415 | D        | Killed a shock serpent
  3415 | D        | Killed a black mamba
  3415 | D        | Reached skill level 10 in Shields
  3415 | D        | Killed a black mamba
  3415 | D        | Killed a black mamba
  3415 | D        | Killed a naga sharpshooter
  3419 | D        | Killed a naga
  3432 | D        | Killed a naga sharpshooter
  3562 | D        | Noticed a merfolk aquamancer
  3562 | D        | Noticed a water elemental
  3562 | D        | Noticed a sea snake
  3562 | D        | Noticed a merfolk
  3562 | D        | Noticed a manticore
  3562 | D        | Noticed a harpy
  3564 | D        | Killed a merfolk aquamancer
  3570 | D        | Noticed a snapping turtle
  3571 | D        | Killed a water elemental
  3574 | D        | Noticed a merfolk
  3575 | D        | Killed a sea snake
  3577 | D        | Noticed a snapping turtle
  3579 | D        | Killed a merfolk
  3582 | D        | Killed a manticore
  3585 | D        | Killed a harpy
  3594 | D        | Killed a snapping turtle
  3598 | D        | Killed a merfolk
  3604 | D        | Killed a snapping turtle
  3670 | D        | Noticed a moth of wrath
  3670 | D        | Noticed a hornet
  3670 | D        | Noticed a torpor snail
  3670 | D        | Noticed a wolf spider
  3670 | D        | Noticed a wolf spider
  3670 | D        | Noticed a demonic crawler
  3671 | D        | Noticed a jumping spider
  3672 | D        | Killed a moth of wrath
  3675 | D        | Noticed a tarantella
  3675 | D        | Killed a hornet
  3679 | D        | Killed a torpor snail
  3681 | D        | Noticed a demonic crawler
  3684 | D        | Killed a wolf spider
  3689 | D        | Killed a wolf spider
  3691 | D        | Killed a jumping spider
  3699 | D        | Killed a demonic crawler
  3702 | D        | Killed a tarantella
  3715 | D        | Killed a demonic crawler
  3847 | D        | Noticed Aizul
  3858 | D        | Killed Aizul
  4041 | D        | Noticed a centaur warrior
  4041 | D        | Noticed a yaktaur
  4041 | D        | Noticed a purple ugly thing
  4041 | D        | Noticed a fire giant
  4041 | D        | Noticed a fire dragon
  4041 | D        | Noticed an ice dragon
  4042 | D        | Noticed an ettin
  4046 | D        | Killed a centaur warrior
  4047 | D        | Noticed a spriggan berserker
  4053 | D        | Killed a yaktaur
  4057 | D        | Noticed a spriggan air mage
  4057 | D        | Killed a purple ugly thing
  4062 | D        | Killed a fire giant
  4062 | D        | Reached skill level 15 in Maces & Flails
  4062 | D        | Reached skill level 10 in Dodging
  4063 | D        | Noticed a stone giant
  4066 | D        | Noticed an ice dragon
  4069 | D        | Killed a spriggan berserker
  4069 | D        | Killed a spriggan air mage
  4070 | D        | Killed a fire dragon
  4070 | D        | Reached XP level 14. HP: 84/144 MP: 14/20
  4073 | D        | Killed an ice dragon
  4074 | D        | Noticed a deep troll shaman
  4076 | D        | Killed an ettin
  4081 | D        | Killed a stone giant
  4082 | D        | Noticed an ettin
  4083 | D        | Noticed a stone giant
  4091 | D        | Killed an ice dragon
  4094 | D        | Killed a deep troll shaman
  4104 | D        | Killed a stone giant
  4105 | D        | Noticed an ogre mage
  4106 | D        | Noticed a fire giant
  4107 | D        | Noticed a frost giant
  4110 | D        | Killed an ettin
  4112 | D        | Noticed a boggart
  4116 | D        | Killed a boggart
  4117 | D        | Killed a fire giant
  4118 | D        | Killed an ogre mage
  4126 | D        | Killed a frost giant
  4126 | D        | Reached skill level 10 in Armour
  4234 | D        | Noticed an unseen horror
  4234 | D        | Noticed an ironbrand convoker
  4234 | D        | Noticed a two-headed ogre
  4234 | D        | Noticed a griffon
  4234 | D        | Noticed an ironheart preserver
  4234 | D        | Noticed an orc knight
  4238 | D        | Killed an unseen horror
  4239 | D        | Noticed an ogre mage
  4243 | D        | Noticed a green ugly thing
  4243 | D        | Killed an ironbrand convoker
  4245 | D        | Noticed a vault warden
  4250 | D        | Killed a griffon
  4254 | D        | Killed an ironheart preserver
  4256 | D        | Killed a two-headed ogre
  4257 | D        | Killed an ogre mage
  4259 | D        | Killed an orc knight
  4261 | D        | Noticed a necromancer
  4263 | D        | Noticed a wolf spider
  4264 | D        | Killed a green ugly thing
  4265 | D        | Noticed a wolf spider
  4266 | D        | Noticed a hippogriff
  4269 | D        | Killed a vault warden
  4270 | D        | Killed a necromancer
  4273 | D        | Killed a wolf spider
  4274 | D        | Killed a wolf spider
  4275 | D        | a hippogriff changed into a black mamba
  4294 | D        | Noticed an ironbrand convoker
  4295 | D        | Noticed a vault warden
  4296 | D        | Noticed an ironbrand convoker
  4298 | D        | Noticed a yaktaur captain
  4301 | D        | Noticed a wolf spider
  4305 | D        | Killed a vault warden
  4307 | D        | Noticed a mottled draconian
  4307 | D        | Noticed a yaktaur
  4310 | D        | Killed an ironbrand convoker
  4319 | D        | Killed an ironbrand convoker
  4319 | D        | Killed a mottled draconian
  4319 | D        | Killed a yaktaur
  4319 | D        | Killed a wolf spider
  4323 | D        | Killed a yaktaur captain
  4324 | D        | Noticed a wolf spider
  4465 | D        | Noticed an ironbrand convoker
  4466 | D        | Noticed an ironheart preserver
  4473 | D        | Killed a wolf spider
  4478 | D        | Killed an ironheart preserver
  4478 | D        | Reached skill level 15 in Fighting
  4479 | D        | Killed an ironbrand convoker
  4835 | D        | Noticed a ghost moth
  4835 | D        | Noticed a moth of wrath
  4835 | D        | Noticed a redback
  4835 | D        | Noticed an emperor scorpion
  4835 | D        | Noticed an emperor scorpion
  4835 | D        | Noticed a demonic crawler
  4836 | D        | Noticed a ghost moth
  4838 | D        | Killed a ghost moth
  4838 | D        | Reached XP level 15. HP: 152/154 MP: 0/21
  4842 | D        | Killed a moth of wrath
  4844 | D        | Killed a redback
  4845 | D        | Noticed an emperor scorpion
  4851 | D        | Noticed an emperor scorpion
  4852 | D        | Killed an emperor scorpion
  4856 | D        | Noticed a wolf spider
  4866 | D        | Killed an emperor scorpion
  4870 | D        | Killed a demonic crawler
  4874 | D        | Killed a ghost moth
  4881 | D        | Noticed a ghost moth
  4882 | D        | Killed an emperor scorpion
  4890 | D        | Killed an emperor scorpion
  4892 | D        | Killed a wolf spider
  4895 | D        | Killed a ghost moth
  4896 | D        | Noticed an emperor scorpion
  4897 | D        | Noticed an emperor scorpion
  4907 | D        | Killed an emperor scorpion
  4927 | D        | Killed an emperor scorpion
  5018 | D        | Got a gossamer rune of Zot
  5025 | D        | Noticed a merfolk javelineer
  5025 | D        | Noticed a merfolk javelineer
  5025 | D        | Noticed a merfolk javelineer
  5025 | D        | Noticed a merfolk impaler
  5025 | D        | Noticed a merfolk impaler
  5025 | D        | Noticed a merfolk
  5026 | D        | Noticed Ilsuiw
  5027 | D        | Noticed a merfolk avatar
  5029 | D        | Killed a merfolk javelineer
  5029 | D        | Killed a merfolk javelineer
  5029 | D        | Killed a merfolk impaler
  5029 | D        | Killed a merfolk impaler
  5030 | D        | Noticed a merfolk impaler
  5031 | D        | Noticed a merfolk avatar
  5036 | D        | Noticed a merfolk javelineer
  5036 | D        | Killed Ilsuiw
  5038 | D        | Killed a merfolk javelineer
  5039 | D        | Noticed a merfolk impaler
  5040 | D        | Killed a merfolk avatar
  5044 | D        | Noticed a merfolk
  5047 | D        | Killed a merfolk avatar
  5051 | D        | Killed a merfolk javelineer
  5055 | D        | Killed a merfolk impaler
  5061 | D        | Killed a merfolk impaler
  5064 | D        | Killed a merfolk
  5069 | D        | Killed a merfolk
  5079 | D        | Got a barnacled rune of Zot
  5108 | D        | Noticed a naga mage
  5108 | D        | Noticed a greater naga
  5108 | D        | Noticed a naga warrior
  5108 | D        | Noticed a naga mage
  5108 | D        | Noticed a guardian serpent
  5108 | D        | Noticed a greater naga
  5109 | D        | Noticed a greater naga
  5111 | D        | Noticed a guardian serpent
  5111 | D        | Killed a naga mage
  5113 | D        | Noticed a naga mage
  5116 | D        | Killed a greater naga
  5117 | D        | Noticed a naga warrior
  5119 | D        | Killed a greater naga
  5119 | D        | Killed a naga mage
  5119 | D        | Killed a guardian serpent
  5119 | D        | Killed a guardian serpent
  5123 | D        | Killed a greater naga
  5131 | D        | Killed a naga warrior
  5133 | D        | Noticed a greater naga
  5135 | D        | Noticed a naga mage
  5139 | D        | Killed a naga warrior
  5140 | D        | Killed a naga mage
  5140 | D        | Reached skill level 15 in Shields
  5144 | D        | Noticed a naga
  5147 | D        | Killed a greater naga
  5148 | D        | Killed a naga mage
  5155 | D        | Killed a naga
  5255 | D        | Got a serpentine rune of Zot
  5267 | D        | Gained mutation: You occasionally shout uncontrollably at your foes. [mutagenic meat]
  5268 | D        | Gained mutation: Your mind is acute. (Int +2) [mutagenic meat]
  5269 | D        | Gained mutation: You have a pair of small horns on your head. [mutagenic meat]
  5270 | D        | Gained mutation: Your body sometimes deteriorates upon taking damage. [mutagenic meat]
  5271 | D        | Gained mutation: You are partially covered in iridescent scales (AC +4). [mutagenic meat]
  5272 | D        | Lost mutation: You occasionally shout uncontrollably at your foes. [potion of cure mutation]
  5272 | D        | Lost mutation: Your mind is acute. (Int +2) [potion of cure mutation]
  5272 | D        | Lost mutation: Your body sometimes deteriorates upon taking damage. [potion of cure mutation]
  5280 | D        | Noticed a swamp dragon
  5280 | D        | Noticed a swamp dragon
  5280 | D        | Noticed a swamp dragon
  5280 | D        | Noticed a seven-headed hydra
  5280 | D        | Noticed a swamp drake
  5280 | D        | Noticed a swamp drake
  5283 | D        | Killed a swamp dragon
  5284 | D        | Noticed a ghost crab
  5287 | D        | Killed a swamp dragon
  5289 | D        | Killed a swamp dragon
  5290 | D        | Killed a seven-headed hydra
  5290 | D        | Reached XP level 16. HP: 172/174 MP: 22/22
  5291 | D        | Killed a swamp drake
  5291 | D        | Killed a swamp drake
  5292 | D        | Killed an eight-headed hydra
  5293 | D        | Noticed a swamp dragon
  5293 | D        | Killed a five-headed hydra
  5298 | D        | Noticed a swamp dragon
  5298 | D        | Killed a ghost crab
  5299 | D        | Noticed a swamp dragon
  5301 | D        | Noticed a seven-headed hydra
  5301 | D        | Killed a swamp dragon
  5303 | D        | Killed a swamp dragon
  5305 | D        | Killed a swamp dragon
  5308 | D        | Killed a seven-headed hydra
  5311 | D        | Got a decaying rune of Zot
  5547 | D        | Noticed a vault guard
  5547 | D        | Noticed a vault guard
  5547 | D        | Noticed a vault guard
  5547 | D        | Noticed a vault guard
  5547 | D        | Noticed a vault guard
  5547 | D        | Noticed a vault guard
  5552 | D        | Killed a vault guard
  5553 | D        | Noticed a vault guard
  5554 | D        | Noticed a vault guard
  5558 | D        | Killed a vault guard
  5559 | D        | Noticed a vault guard
  5564 | D        | Killed a vault guard
  5565 | D        | Noticed a vault guard
  5568 | D        | Killed a vault guard
  5572 | D        | Killed a vault guard
  5576 | D        | Noticed a vault guard
  5576 | D        | Killed a vault guard
  5579 | D        | Noticed a vault guard
  5580 | D        | Killed a vault guard
  5581 | D        | Noticed a vault guard
  5582 | D        | Noticed a vault guard
  5585 | D        | Killed a vault guard
  5589 | D        | Killed a vault guard
  5594 | D        | Killed a vault guard
  5597 | D        | Killed a vault guard
  5602 | D        | Killed a vault guard
  5606 | D        | Killed a vault guard
  5611 | D        | Killed a vault guard
  5612 | D        | Noticed a vault guard
  5613 | D        | Noticed a vault guard
  5614 | D        | Noticed a vault guard
  5615 | D        | Killed a vault guard
  5617 | D        | Noticed a vault guard
  5617 | D        | Noticed a vault guard
  5619 | D        | Killed a vault guard
  5619 | D        | Reached skill level 15 in Dodging
  5620 | D        | Noticed a vault guard
  5621 | D        | Noticed a vault guard
  5623 | D        | Noticed a vault guard
  5623 | D        | Killed a vault guard
  5629 | D        | Killed a vault guard
  5633 | D        | Killed a vault guard
  5637 | D        | Killed a vault guard
  5641 | D        | Killed a vault guard
  5644 | D        | Killed a vault guard
  5644 | D        | Reached skill level 21 in Maces & Flails
  5646 | D        | Noticed a vault guard
  5647 | D        | Noticed a vault guard
  5648 | D        | Noticed a vault guard
  5655 | D        | Killed a vault guard
  5658 | D        | Killed a vault guard
  5662 | D        | Killed a vault guard
  5674 | D        | Noticed a purple very ugly thing
  5674 | D        | Noticed a freezing wraith
  5674 | D        | Noticed an ogre mage
  5674 | D        | Noticed a vault sentinel
  5674 | D        | Noticed a deep elf conjurer
  5674 | D        | Noticed a golden dragon
  5675 | D        | Noticed a vault sentinel
  5681 | D        | Killed a purple very ugly thing
  5682 | D        | Noticed a deep elf fighter
  5683 | D        | Noticed a vault warden
  5687 | D        | Killed a golden dragon
  5688 | D        | Killed a freezing wraith
  5690 | D        | Noticed an ironheart preserver
  5691 | D        | Killed an ogre mage
  5693 | D        | Noticed a shadow dragon
  5697 | D        | Killed a vault warden
  5699 | D        | Killed a vault sentinel
  5701 | D        | Killed a deep elf conjurer
  5702 | D        | Noticed a deep elf fighter
  5703 | D        | Noticed a shadow dragon
  5706 | D        | Noticed a hornet
  5708 | D        | Killed an ironheart preserver
  5708 | D        | Reached skill level 15 in Armour
  5715 | D        | Noticed a stone giant
  5717 | D        | Killed a shadow dragon
  5719 | D        | Noticed an ironbrand convoker
  5720 | D        | Killed a vault sentinel
  5720 | D        | Killed a deep elf fighter
  5720 | D        | Killed a deep elf fighter
  5726 | D        | Killed a shadow dragon
  5732 | D        | Killed a stone giant
  5733 | D        | Killed a hornet
  5733 | D        | Reached skill level 22 in Fighting
  5735 | D        | Noticed a greater mummy
  5735 | D        | Noticed an Orb Guardian
  5735 | D        | Noticed an Orb Guardian
  5738 | D        | Killed an Orb Guardian
  5746 | D        | Killed an Orb Guardian
  5746 | D        | Reached XP level 17. HP: 180/192 MP: 21/23
  5749 | D        | Killed an ironbrand convoker
  5759 | D        | Killed a greater mummy
  5899 | D        | Noticed a boulder beetle
  5899 | D        | Noticed a shadow dragon
  5899 | D        | Noticed a wolf spider
  5899 | D        | Noticed a stone giant
  5899 | D        | Noticed a tengu reaver
  5899 | D        | Noticed a shadow dragon
  5900 | D        | Noticed a vault warden
  5906 | D        | Killed a shadow dragon
  5907 | D        | Noticed a freezing wraith
  5912 | D        | Killed a boulder beetle
  5913 | D        | Killed a wolf spider
  5914 | D        | Noticed a shadow dragon
  5918 | D        | Killed a stone giant
  5921 | D        | Killed a tengu reaver
  5921 | D        | Reached skill level 23 in Fighting
  5931 | D        | Killed a shadow dragon
  5935 | D        | Killed a vault warden
  5943 | D        | Killed a shadow dragon
  5948 | D        | Killed a freezing wraith
  5955 | D        | Got a silver rune of Zot
  6094 | D        | Got the ring of the Villain {Ice Str+6}
  6096 | D        | Got the ring of Raaxtubi {rC+ rN+ Str+3 Slay+2}
  6098 | D        | Got the ring "Saetwib" {rC+ rN+ Dex+3 Slay+2}
  6100 | D        | Got the amulet of Nuikokox {rCorr rF++ MR+ Int-2 Stlth+}
  6102 | D        | Got the amulet "Suatsomi" {Spirit MR+}
  6274 | D        | Noticed Frederick
  6275 | D        | Noticed Nikola
  6279 | D        | Killed Frederick
  6281 | D        | Noticed Boris
  6282 | D        | Noticed Louise
  6287 | D        | Killed Nikola
  6288 | D        | Noticed Mara
  6289 | D        | Noticed a hell knight
  6293 | D        | Killed Boris
  6294 | D        | Noticed Margery
  6294 | D        | Killed Louise
  6296 | D        | Noticed Jory
  6296 | D        | Noticed a hell knight
  6296 | D        | Killed a hell knight
  6296 | D        | Reached skill level 24 in Fighting
  6298 | D        | Noticed a hell knight
  6300 | D        | Noticed hexophile's illusion
  6301 | D        | Killed a hell knight
  6302 | D        | Killed a hell knight
  6303 | D        | Killed Mara
  6304 | D        | Killed Margery
  6306 | D        | Noticed Mennas
  6310 | D        | Killed Jory
  6330 | D        | Killed Mennas
  6330 | D        | Reached skill level 25 in Fighting
  6332 | D        | Noticed Xtahua
  6339 | D        | Killed Xtahua
  6339 | D        | Reached XP level 18. HP: 67/212 MP: 3/24
  6518 | D        | Noticed Norris
  6528 | D        | Killed Norris
  6681 | D        | Noticed a troll
  6681 | D        | Noticed a sky beast
  6681 | D        | Noticed a wasp
  6681 | D        | Noticed a fire crab
  6681 | D        | Noticed an octopode
  6681 | D        | an octopode changed into a shapeshifter
  6683 | D        | Killed a troll
  6685 | D        | Killed a sky beast
  6686 | D        | Killed a wasp
  6690 | D        | Noticed a deep elf mage
  6690 | D        | Killed a fire crab
  6690 | D        | Reached skill level 1 in Spellcasting
  6694 | D        | Killed a deep elf mage
  6703 | D        | Noticed a black draconian
  6703 | D        | Noticed a mottled dragon
  6703 | D        | Noticed a green draconian
  6703 | D        | Noticed a fire dragon
  6703 | D        | Noticed a golden dragon
  6703 | D        | Noticed a golden dragon
  6708 | D        | Killed a black draconian
  6711 | D        | Killed a green draconian
  6712 | D        | Noticed a white draconian
  6713 | D        | Noticed a white draconian
  6716 | D        | Killed a mottled dragon
  6717 | D        | Noticed a mottled dragon
  6719 | D        | Killed a golden dragon
  6720 | D        | Noticed a bone dragon
  6721 | D        | Noticed a fire dragon
  6723 | D        | Noticed a yellow draconian
  6726 | D        | Killed a golden dragon
  6726 | D        | Reached skill level 26 in Fighting
  6726 | D        | Reached skill level 5 in Spellcasting
  6730 | D        | Killed a fire dragon
  6739 | D        | Killed a mottled dragon
  6749 | D        | Killed a bone dragon
  6752 | D        | Killed a white draconian
  6758 | D        | Killed a white draconian
  6763 | D        | Killed a fire dragon
  6766 | D        | Killed a yellow draconian
  6803 | D        | Noticed a yellow draconian
  6803 | D        | Noticed a red draconian
  6803 | D        | Noticed a white draconian
  6803 | D        | Noticed a white draconian
  6803 | D        | Noticed a golden dragon
  6803 | D        | Noticed a death cob
  6804 | D        | Killed a death cob
  6805 | D        | Noticed a yellow draconian
  6808 | D        | Killed a yellow draconian
  6812 | D        | Killed a red draconian
  6817 | D        | Killed a white draconian
  6822 | D        | Killed a white draconian
  6828 | D        | Killed a golden dragon
  6830 | D        | Killed a yellow draconian
  6944 | D        | Noticed a mottled draconian
  6944 | D        | Noticed a black draconian
  6944 | D        | Noticed a black draconian shifter
  6944 | D        | Noticed a black draconian
  6944 | D        | Noticed a white draconian monk
  6944 | D        | Noticed a tentacled monstrosity
  6945 | D        | Noticed a golden dragon
  6952 | D        | Killed a mottled draconian
  6955 | D        | Noticed a mottled draconian
  6957 | D        | Killed a tentacled monstrosity
  6963 | D        | Killed a black draconian
  6963 | D        | Reached skill level 10 in Spellcasting
  6966 | D        | Killed a black draconian shifter
  6969 | D        | Killed a white draconian monk
  6969 | D        | Reached skill level 27 in Fighting
  6973 | D        | Killed a black draconian
  6977 | D        | Killed a golden dragon
  6979 | D        | Killed a mottled draconian
  7013 | D        | Noticed a moth of wrath
  7013 | D        | Noticed a white draconian
  7013 | D        | Noticed a death cob
  7013 | D        | Noticed a purple draconian
  7013 | D        | Noticed a green draconian caller
  7013 | D        | Noticed a purple draconian
  7015 | D        | Killed a moth of wrath
  7017 | D        | Killed a white draconian
  7021 | D        | Killed a death cob
  7024 | D        | Noticed a mottled draconian
  7025 | D        | Noticed a tentacled monstrosity
  7030 | D        | Killed a green draconian caller
  7035 | D        | Killed a purple draconian
  7041 | D        | Killed a tentacled monstrosity
  7048 | D        | Killed a purple draconian
  7054 | D        | Killed a mottled draconian
  7060 | D        | Noticed a tentacled monstrosity
  7060 | D        | Noticed a death cob
  7060 | D        | Noticed a white draconian
  7060 | D        | Noticed an ice dragon
  7060 | D        | Noticed a green draconian
  7060 | D        | Noticed a white draconian
  7064 | D        | Killed a tentacled monstrosity
  7065 | D        | Noticed a yellow draconian monk
  7067 | D        | Killed a death cob
  7067 | D        | Reached XP level 19. HP: 215/226 MP: 34/36
  7069 | D        | Noticed a moth of wrath
  7071 | D        | Noticed an ice dragon
  7074 | D        | Killed a white draconian
  7078 | D        | Killed an ice dragon
  7084 | D        | Killed a yellow draconian monk
  7092 | D        | Killed a green draconian
  7096 | D        | Killed a white draconian
  7100 | D        | Killed a moth of wrath
  7106 | D        | Killed an ice dragon
  7278 | D        | Noticed an Orb Guardian
  7278 | D        | Noticed an Orb Guardian
  7278 | D        | Noticed an Orb Guardian
  7278 | D        | Noticed an Orb Guardian
  7278 | D        | Noticed an Orb Guardian
  7278 | D        | Noticed an Orb Guardian
  7282 | D        | Killed an Orb Guardian
  7287 | D        | Killed an Orb Guardian
  7291 | D        | Noticed an Orb Guardian
  7291 | D        | Killed an Orb Guardian
  7291 | D        | Reached skill level 15 in Spellcasting
  7295 | D        | Noticed an Orb Guardian
  7295 | D        | Killed an Orb Guardian
  7300 | D        | Killed an Orb Guardian
  7305 | D        | Killed an Orb Guardian
  7309 | D        | Killed an Orb Guardian
  7315 | D        | Killed an Orb Guardian
  7316 | D        | Noticed an Orb Guardian
  7317 | D        | Noticed an Orb Guardian
  7321 | D        | Killed an Orb Guardian
  7327 | D        | Killed an Orb Guardian
  7456 | D        | Noticed a moth of wrath
  7456 | D        | Noticed a curse toe
  7456 | D        | Noticed an Orb Guardian
  7456 | D        | Noticed an Orb Guardian
  7456 | D        | Noticed a storm dragon
  7456 | D        | Noticed a mottled draconian zealot
  7457 | D        | Killed a moth of wrath
  7458 | D        | Noticed an Orb Guardian
  7461 | D        | Killed a curse toe
  7463 | D        | Killed an Orb Guardian
  7464 | D        | Noticed an Orb Guardian
  7468 | D        | Killed an Orb Guardian
  7471 | D        | Killed a storm dragon
  7476 | D        | Killed a mottled draconian zealot
  7482 | D        | Killed an Orb Guardian
  7484 | D        | Killed an Orb Guardian
  7705 | D        | Noticed an ancient lich
  7713 | D        | Killed an ancient lich
  7779 | D        | Noticed an orb of fire
  7783 | D        | Gained mutation: Your spells are a little easier to cast, but a little less powerful. [an orb of fire]
  7794 | D        | Killed an orb of fire
  7797 | D        | Noticed an electric golem
  7811 | D        | Killed an electric golem
  8120 | D        | Noticed a Killer Klown
  8120 | D        | Noticed an Orb Guardian
  8120 | D        | Noticed an electric golem
  8120 | D        | Noticed a Killer Klown
  8120 | D        | Noticed a golden dragon
  8120 | D        | Noticed an Orb Guardian
  8124 | D        | Noticed an orb of fire
  8124 | D        | Killed a Killer Klown
  8128 | D        | Killed an Orb Guardian
  8129 | D        | Noticed a golden dragon
  8129 | D        | Killed an Orb Guardian
  8131 | D        | Killed an electric golem
  8131 | D        | Reached XP level 20. HP: 190/236 MP: 32/43
  8133 | D        | Noticed a moth of wrath
  8134 | D        | Killed a Killer Klown
  8138 | D        | Gained mutation: You occasionally shout uncontrollably at your foes. [an orb of fire]
  8143 | D        | Killed an orb of fire
  8144 | D        | Noticed a golden dragon
  8149 | D        | Noticed a golden dragon
  8150 | D        | Killed a golden dragon
  8150 | D        | Reached skill level 27 in Maces & Flails
  8152 | D        | Noticed an electric golem
  8156 | D        | Killed a golden dragon
  8157 | D        | Noticed an Orb Guardian
  8157 | D        | Killed a moth of wrath
  8158 | D        | Noticed an electric golem
  8163 | D        | Killed a golden dragon
  8163 | D        | Killed an electric golem
  8163 | D        | Killed an electric golem
  8163 | D        | Killed an Orb Guardian
  8165 | D        | Killed a golden dragon
  8431 | D        | Noticed an Orb Guardian
  8431 | D        | Noticed an Orb Guardian
  8431 | D        | Noticed an Orb Guardian
  8431 | D        | Noticed an Orb Guardian
  8431 | D        | Noticed an Orb Guardian
  8435 | D        | Killed an Orb Guardian
  8440 | D        | Killed an Orb Guardian
  8441 | D        | Noticed a moth of wrath
  8445 | D        | Killed an Orb Guardian
  8452 | D        | Killed an Orb Guardian
  8459 | D        | Killed an Orb Guardian
  8460 | D        | Killed a moth of wrath
  8461 | D        | Noticed an Orb Guardian
  8462 | D        | Noticed an Orb Guardian
  8469 | D        | Killed an Orb Guardian
  8476 | D        | Killed an Orb Guardian
  8477 | D        | Noticed an Orb Guardian
  8478 | D        | Noticed an Orb Guardian
  8485 | D        | Killed an Orb Guardian
  8486 | D        | Noticed a moth of wrath
  8492 | D        | Killed an Orb Guardian
  8495 | D        | Killed a moth of wrath
  8496 | D        | Noticed an Orb Guardian
  8503 | D        | Killed an Orb Guardian
  8753 | D        | Noticed a vampire knight
  8753 | D        | Noticed an ancient lich
  8753 | D        | Noticed a lich
  8753 | D        | Noticed an ancient lich
  8753 | D        | Noticed a lich
  8753 | D        | Noticed a vampire knight
  8758 | D        | Killed a vampire knight
  8759 | D        | Noticed an ancient lich
  8761 | D        | Noticed a lich
  8767 | D        | Killed an ancient lich
  8768 | D        | Killed an ancient lich
  8768 | D        | Killed a lich
  8768 | D        | Killed a lich
  8768 | D        | Reached XP level 21. HP: 238/244 MP: 34/49
  8768 | D        | Killed a lich
  8770 | D        | Noticed a vampire knight
  8771 | D        | Noticed a vampire knight
  8771 | D        | Killed an ancient lich
  8773 | D        | Noticed a vampire knight
  8776 | D        | Killed a vampire knight
  8780 | D        | Killed a vampire knight
  8783 | D        | Killed a vampire knight
  8788 | D        | Killed a vampire knight
  8807 | D        | Noticed a spriggan baker
  8807 | D        | Noticed a spriggan baker
  8807 | D        | Noticed a spriggan baker
  8807 | D        | Noticed a spriggan baker
  8807 | D        | Noticed a spriggan baker
  8807 | D        | Noticed a spriggan baker
  8808 | D        | Killed a spriggan baker
  8810 | D        | Killed a spriggan baker
  8811 | D        | Noticed a spriggan baker
  8812 | D        | Noticed a spriggan baker
  8812 | D        | Noticed a spriggan baker
  8812 | D        | Killed a spriggan baker
  8813 | D        | Noticed a spriggan baker
  8816 | D        | Killed a spriggan baker
  8818 | D        | Killed a spriggan baker
  8820 | D        | Killed a spriggan baker
  8821 | D        | Noticed a spriggan baker
  8821 | D        | Killed a spriggan baker
  8825 | D        | Killed a spriggan baker
  8827 | D        | Killed a spriggan baker
  8828 | D        | Killed a spriggan baker
  8831 | D        | Killed a spriggan baker
  8840 | D        | Noticed a deep elf death mage
  8840 | D        | Noticed a deep elf death mage
  8840 | D        | Noticed a deep elf death mage
  8840 | D        | Noticed a deep elf master archer
  8840 | D        | Noticed a deep elf high priest
  8840 | D        | Noticed a deep elf high priest
  8841 | D        | Noticed a deep elf blademaster
  8842 | D        | Noticed a deep elf annihilator
  8843 | D        | Killed a deep elf death mage
  8845 | D        | Killed a deep elf death mage
  8846 | D        | Noticed a deep elf master archer
  8848 | D        | Killed a deep elf blademaster
  8850 | D        | Killed a deep elf death mage
  8851 | D        | Noticed a deep elf annihilator
  8852 | D        | Noticed a deep elf blademaster
  8852 | D        | Killed a deep elf high priest
  8854 | D        | Killed a deep elf master archer
  8855 | D        | Killed a deep elf annihilator
  8856 | D        | Noticed a deep elf demonologist
  8860 | D        | Noticed a deep elf blademaster
  8860 | D        | Killed a deep elf blademaster
  8862 | D        | Noticed a deep elf master archer
  8862 | D        | Killed a deep elf master archer
  8863 | D        | Killed a deep elf annihilator
  8865 | D        | Killed a deep elf blademaster
  8874 | D        | Killed a deep elf master archer
  8876 | D        | Killed a deep elf demonologist
  8879 | D        | Killed a deep elf high priest
  8893 | D        | Got an elven rune of Zot
  8914 | D        | Noticed a death ooze
  8914 | D        | Noticed a death ooze
  8914 | D        | Noticed an azure jelly
  8914 | D        | Noticed an eye of draining
  8914 | D        | Noticed a death ooze
  8914 | D        | Noticed an azure jelly
  8915 | D        | Killed a death ooze
  8918 | D        | Killed a death ooze
  8919 | D        | Noticed an azure jelly
  8928 | D        | Killed an azure jelly
  8928 | D        | Reached skill level 27 in Spellcasting
  8938 | D        | Killed an azure jelly
  8942 | D        | Killed an azure jelly
  8944 | D        | Killed an eye of draining
  8947 | D        | Killed a death ooze
  8977 | D        | Noticed an acid blob
  8978 | D        | Noticed an acid blob
  8984 | D        | Killed an acid blob
  8989 | D        | Killed an acid blob
  9016 | D        | Noticed the royal jelly
  9017 | D        | Noticed a golden eye
  9020 | D        | Killed a golden eye
  9027 | D        | Killed the royal jelly
  9045 | D        | Noticed a death ooze
  9046 | D        | Noticed a death ooze
  9048 | D        | Killed a death ooze
  9052 | D        | Killed a death ooze
  9218 | D        | Noticed a death ooze
  9219 | D        | Noticed a golden eye
  9220 | D        | Killed a death ooze
  9221 | D        | Noticed an acid blob
  9222 | D        | Killed a golden eye
  9223 | D        | Noticed an acid blob
  9227 | D        | Killed an acid blob
  9231 | D        | Killed an acid blob
  9232 | D        | Noticed an acid blob
  9237 | D        | Killed an acid blob
  9238 | D        | Noticed an acid blob
  9244 | D        | Killed an acid blob
  9249 | D        | Got a slimy rune of Zot
  9352 | D        | Noticed a sphinx
  9352 | D        | Noticed a sphinx
  9352 | D        | Noticed a sphinx
  9352 | D        | Noticed a sphinx
  9352 | D        | Noticed a sphinx
  9352 | D        | Noticed a sphinx
  9353 | D        | Noticed a sphinx
  9357 | D        | Killed a sphinx
  9358 | D        | Noticed a sphinx
  9361 | D        | Killed a sphinx
  9364 | D        | Killed a sphinx
  9365 | D        | Noticed a sphinx
  9367 | D        | Noticed a sphinx
  9369 | D        | Killed a sphinx
  9372 | D        | Killed a sphinx
  9373 | D        | Noticed a sphinx
  9374 | D        | Noticed a sphinx
  9377 | D        | Killed a sphinx
  9377 | D        | Reached XP level 22. HP: 164/254 MP: 53/53
  9380 | D        | Killed a sphinx
  9384 | D        | Killed a sphinx
  9389 | D        | Killed a sphinx
  9392 | D        | Killed a sphinx
  9395 | D        | Killed a sphinx
  9402 | D        | Killed a sphinx
  9601 | D        | Noticed a guardian mummy
  9601 | D        | Noticed a guardian mummy
  9601 | D        | Noticed a guardian mummy
  9601 | D        | Noticed a guardian mummy
  9601 | D        | Noticed a guardian mummy
  9601 | D        | Noticed a guardian mummy
  9604 | D        | Noticed a guardian mummy
  9607 | D        | Killed a guardian mummy
  9608 | D        | Noticed a guardian mummy
  9609 | D        | Killed a guardian mummy
  9610 | D        | Noticed a guardian mummy
  9611 | D        | Killed a guardian mummy
  9612 | D        | Killed a guardian mummy
  9613 | D        | Noticed a guardian mummy
  9614 | D        | Killed a guardian mummy
  9616 | D        | Killed a guardian mummy
  9618 | D        | Killed a guardian mummy
  9618 | D        | Reached skill level 27 in Shields
  9621 | D        | Killed a guardian mummy
  9623 | D        | Killed a guardian mummy
  9625 | D        | Killed a guardian mummy
 10975 | D        | Got the +0 cloak "Liudu" {rElec Str+2 Dex+2 Slay-4}
 11919 | D        | Noticed a guardian mummy
 11919 | D        | Noticed a mummy priest
 11919 | D        | Noticed a guardian mummy
 11919 | D        | Noticed a greater mummy
 11919 | D        | Noticed a guardian mummy
 11920 | D        | Noticed a guardian mummy
 11922 | D        | Killed a guardian mummy
 11923 | D        | Noticed a mummy priest
 11925 | D        | Killed a mummy priest
 11926 | D        | Noticed a guardian mummy
 11928 | D        | Killed a guardian mummy
 11933 | D        | Killed a guardian mummy
 11933 | D        | Killed a guardian mummy
 11933 | D        | Killed a guardian mummy
 11937 | D        | Killed a greater mummy
 11937 | D        | Reached skill level 5 in Polearms
 11939 | D        | Killed a mummy priest
 12249 | D        | Noticed a mummy priest
 12249 | D        | Noticed a greater mummy
 12249 | D        | Noticed a mummy priest
 12249 | D        | Noticed a greater mummy
 12249 | D        | Noticed a greater mummy
 12249 | D        | Noticed a greater mummy
 12253 | D        | Noticed a greater mummy
 12254 | D        | HP: 22/250 [greater mummy/divine providence (12)]
 12257 | D        | Killed a mummy priest
 12257 | D        | Reached skill level 27 in Dodging
 12258 | D        | Killed a mummy priest
 12262 | D        | Killed a greater mummy
 12262 | D        | HP: 15/254 [greater mummy's death curse (10)]
 12262 | D        | Reached skill level 27 in Armour
 12262 | D        | Killed a greater mummy
 12262 | D        | Killed a greater mummy
 12262 | D        | Killed a greater mummy
 12262 | D        | Killed a greater mummy
 12263 | D        | Noticed a greater mummy
 12266 | D        | HP: 2/254 [reaper/scythe of protection[a greater mummy's death curse] (18)]
 12751 | D        | Noticed a greater mummy
 12757 | D        | Killed a greater mummy
 12767 | D        | Killed a greater mummy
 13176 | D        | Got a golden rune of Zot
 13180 | D        | Noticed a large abomination
 13180 | D        | Noticed a wretched star
 13180 | D        | Noticed a smoke demon
 13180 | D        | Noticed a spriggan
 13180 | D        | Noticed a small abomination
 13180 | D        | Noticed a wandering mushroom
 13182 | D        | Killed a large abomination
 13187 | D        | Killed a spriggan
 13187 | D        | Killed a small abomination
 13188 | D        | Noticed a rakshasa
 13191 | D        | Killed a wretched star
 13192 | D        | Killed a smoke demon
 13195 | D        | Noticed a ynoxinul
 13196 | D        | Noticed a tentacled starspawn
 13197 | D        | Killed a wandering mushroom
 13200 | D        | Killed a wandering mushroom
 13203 | D        | Killed a tentacled starspawn
 13205 | D        | Killed a rakshasa
 13206 | D        | Killed a ynoxinul
 13213 | D        | Got an abyssal rune of Zot
 13523 | D        | Noticed Geryon
 13536 | D        | Killed Geryon
 13541 | D        | Noticed Antaeus
 13541 | D        | Noticed Mnoleg
 13542 | D        | Noticed Ereshkigal
 13599 | D        | HP: 14/254 [Antaeus/flash freeze (38)]
 13601 | D        | HP: 4/254 [Antaeus (8)]
 13640 | D        | Noticed Lom Lobon
 13645 | D        | HP: 16/254 [??? (9)]
 13648 | D        | Killed Ereshkigal
 13649 | D        | Killed from afar by Lom Lobon

Vault maps used:
D:        linesprint

Action                   |  1- 3 |  4- 6 |  7- 9 | 10-12 | 13-15 | 16-18 | 19-21 | 22-24 || total
-------------------------+-------+-------+-------+-------+-------+-------+-------+-------++-------
Melee: Unarmed           |    29 |    23 |    14 |   114 |     9 |       |       |       ||   189
       Demon whip        |       |       |       |       |   407 |   418 |   411 |   114 ||  1350
       Demon trident     |       |       |       |       |       |       |       |    30 ||    30
Invok: Slouch            |       |       |     4 |    13 |    16 |    18 |    17 |    23 ||    91
       Bend Time         |       |       |       |     2 |     1 |     2 |       |     6 ||    11
       Temporal Distorti |       |       |       |       |       |       |       |     5 ||     5
       Step From Time    |       |       |       |       |       |       |       |     1 ||     1
 Abil: Spit Poison       |     1 |       |       |       |     2 |     1 |       |       ||     4
Evoke: Wand              |       |     2 |     5 |     3 |       |       |       |       ||    10
  Use: Potion            |     4 |       |     7 |     2 |     4 |     5 |       |     6 ||    28
       Scroll            |       |       |     1 |     5 |     4 |     1 |       |    12 ||    23
 Stab: Sleeping          |     3 |       |       |       |     2 |       |       |       ||     5
       Distracted        |       |       |       |     1 |     1 |       |       |       ||     2
  Eat: Bread ration      |       |       |     1 |     2 |       |     1 |     2 |     2 ||     8
       Chunk             |       |       |       |       |     5 |     3 |     1 |       ||     9
       Fruit             |       |       |       |       |       |       |     7 |       ||     7
